 Dungeon Crawl Stone Soup version 0.31-a0-233-g139696dc86 (webtiles) character file.

Game seed: 13322488531534755882

116 qw the Shooter (level 5, -1/30 HPs)
             Began as a Gargoyle Hexslinger on July 8, 2023.
             Slain by a scorpion (5 damage)
             ... on level 4 of the Dungeon.
             The game lasted 00:00:44 (1850 turns).

qw the Shooter (Gargoyle Hexslinger)                Turns: 1850, Time: 00:00:45

Health: -1/30      AC:  9    Str: 11    XL:     5   Next: 1%
Magic:  6/6        EV: 10    Int: 14    God:
Gold:   124        SH:  0    Dex: 14    Spells: 5/6 levels left

rFire   . . .        Y - +1 sling
rCold   . . .        (no shield)
rNeg    + . .        h - +0 ring mail
rPois   inf          (no helmet)
rElec   +            (no cloak)
rCorr   .            (no gloves)
SInv    .            (no boots)
Will    .....        c - amulet of the acrobat
Stlth   +            (no ring)
HPRegen 0.25/turn    (no ring)
MPRegen 0.10/turn

%: acrobat
@: about to teleport
A: sickness immunity, AC +4, negative energy resistance 1, electricity
resistance, torment resistance 1, petrification resistance
a: no special abilities


You were on level 4 of the Dungeon.
You visited 1 branch of the dungeon, and saw 5 of its levels.

You collected 124 gold pieces.


Innate Abilities, Weirdness & Mutations

You are immune to sickness and miasma.
Your stone body is resilient. (AC +4)
You are immune to poison.
You resist negative energy. (rN+)
You are resistant to electric shocks. (rElec)
You are resistant to unholy torment.
You are immune to petrification.


   Skills:
 - Level 2.0 Fighting
 + Level 4.3 Ranged Weapons
 - Level 1.6 Armour
 - Level 1.5 Dodging
 - Level 1.0 Spellcasting
 - Level 2.6 Hexes


You had 5 spell levels left.
You knew the following spells:

 Your Spells              Type           Power      Damage    Failure   Level
a - Slow                  Hex            32%        N/A       21%         1

Your spell library contained the following spells:

 Spells                   Type           Power      Damage    Failure   Level
 Inner Flame              Hex/Fire       4%         N/A       71%         3
 Portal Projectile        Hex/Tloc       8%         N/A       71%         3
 Cause Fear               Hex            4%         N/A       90%         4

Inventory:

Hand Weapons
 Y - a +1 sling (weapon)
Armour
 h - a +0 ring mail (worn)
Jewellery
 c - an amulet of the acrobat (around neck)
Potions
 b - a potion of might {unknown}
 d - a potion of attraction {unknown}
 f - a potion of invisibility {unknown}
 g - a potion of curing {unknown}
 i - a potion of degeneration {unknown}

Dungeon Overview and Level Annotations

Branches:
Dungeon (5/15)             Temple (0/1) D:4

Altars:

Shops:
D:2 :


Message History

The scorpion stings you but does no damage.
The scorpion stings you.
You shoot a sling bullet.
The sling bullet closely misses the scorpion.
The scorpion closely misses you. The scorpion barely misses you.
You shoot a sling bullet. The sling bullet hits the scorpion.
The scorpion is heavily wounded.
The scorpion stings you.
You shoot a sling bullet.
The sling bullet barely misses the scorpion.
The scorpion stings you but does no damage.
The scorpion barely misses you.
You shoot a sling bullet. The sling bullet hits the scorpion.
The scorpion is severely wounded.
The scorpion stings you.
You shoot a sling bullet.
The sling bullet barely misses the scorpion.
The scorpion completely misses you.
The scorpion stings you but does no damage.
You shoot a sling bullet.
The sling bullet hits the scorpion but does no damage.
The scorpion is severely wounded.
The scorpion stings you but does no damage.
The scorpion stings you.
You shoot a sling bullet.
The sling bullet completely misses the scorpion.
The scorpion stings you but does no damage.
You shoot a sling bullet.
The sling bullet hits the scorpion but does no damage.
The scorpion is severely wounded.
The scorpion stings you but does no damage.
The scorpion stings you.
1849 ||| READING scroll of teleportation.
As you read the scroll of teleportation, it crumbles to dust.
You feel strangely unstable. The scorpion stings you.
You shoot a sling bullet.
The sling bullet barely misses the scorpion.
The scorpion closely misses you. The scorpion stings you.
You die...

}..>. .... #... .#
.}. .# ..###. (.
..... ###
#?..###s#.# #...
.......@#.###.# .
####.##.#.....## ..
##..#........# ...
..............##...
####.......#...%.
#...#.###..##
#..........#######
#................#
#...#...##.#####.#


You could see a scorpion.

Vanquished Creatures
  2 hounds (D:5)
  2 adders (D:2)
  A worm (D:2)
  3 bats
  3 endoplasms (D:1)
  2 giant cockroaches (D:1)
  2 goblins
  A hobgoblin (D:1)
  2 jackals (D:1)
  3 quokkas
  7 ball pythons
  2 frilled lizards
  6 kobolds
  5 rats
41 creatures vanquished.

Notes
Turn   | Place    | Note
-------+----------+-------------------------------------------
     0 | D:1      | qw the Gargoyle Hexslinger began the quest for the Orb.
     0 | D:1      | Reached XP level 1. HP: 12/12 MP: 2/2
     0 | D:1      | 0 ||| qw: Version: 0.3-a-46-gb1f654a
     0 | D:1      | 0 ||| qw: Game counter: 3436
     0 | D:1      | 0 ||| qw: Melee chars always use a shield: true
     0 | D:1      | 0 ||| qw: God list: Okawaru
     0 | D:1      | 0 ||| qw: Allow faded altars: false
     0 | D:1      | 0 ||| qw: Do Orc after clearing Dungeon:15 true
     0 | D:1      | 0 ||| qw: Do second Lair branch before Depths: true
     0 | D:1      | 0 ||| qw: Lair rune preference: random
     0 | D:1      | 0 ||| qw: Goals: Normal
     0 | D:1      | 0 ||| PLANNING D:1-11
   190 | D:1      | Reached XP level 2. HP: 16/16 MP: 3/3
   310 | D:1      | Reached skill level 3 in Ranged Weapons
   442 | D:1      | HP: 3/16 [kobold/+0 club (4)]
   500 | D:1      | Noticed a floating eye
   502 | D:1      | Found a faded altar of an unknown god.
   504 | D:1      | Noticed a golden eye
   511 | D:1      | Noticed a golden eye
   540 | D:1      | Noticed a shining eye
   628 | D:1      | Reached XP level 3. HP: 19/21 MP: 4/4
   946 | D:1      | 946 ||| UPGRADING to +0 ring mail.
   956 | D:1      | 956 ||| DROPPING +0 robe.
   957 | D:1      | 957 ||| READING scroll labelled XEGHEZE TURA.
   958 | D:1      | 958 ||| READING scroll labelled FEN CODIFI.
   959 | D:1      | 959 ||| READING 2 scrolls labelled OGED QACOGH.
  1060 | D:1      | 1060 ||| DROPPING scroll of poison.
  1061 | D:1      | 1061 ||| DROPPING scroll of silence.
  1228 | D:2      | Found Geupp's Book Boutique.
  1634 | D:2      | 1634 ||| UPGRADING to amulet of the acrobat.
  1639 | D:2      | 1639 ||| DROPPING ring of magical power.
  1640 | D:2      | 1640 ||| READING scroll labelled DOHAORCH DOGOTS.
  1663 | D:3      | 1663 ||| PLANNING SEWER
  1674 | D:3      | Reached XP level 4. HP: 26/26 MP: 5/5
  1676 | D:3      | You fall into a shaft and drop 2 floors!
  1676 | D:5      | Entered Level 5 of the Dungeon
  1694 | D:5      | HP: 6/26 [hound (3)]
  1699 | D:5      | Reached skill level 4 in Ranged Weapons
  1787 | D:5      | Reached skill level 1 in Armour
  1787 | D:5      | Reached XP level 5. HP: 30/30 MP: 6/6
  1832 | D:4      | Found a staircase to the Ecumenical Temple.
  1848 | D:4      | HP: 5/30 [scorpion (6)]
  1849 | D:4      | 1849 ||| READING scroll of teleportation.
  1850 | D:4      | Slain by a scorpion

Levels and vault maps discovered:
D:1:      elethiomel_arrival_quiet, layout_basic,
          hellmonk_ecumenical_altar_watching_god, minmay_misc_feat_roman
D:2:      layout_rooms, serial_shops, nicolae_shop_stone
D:3:      layout_rooms, mainiacjoe_overflow_concentric_impassable,
          portal_sewer_entry_d, uniq_grinder
D:4:      layout_basic, minmay_temple_entry_junction, uniq_edmund
D:5:      layout_basic, uniq_sigmund

Skill      XL: |  1  2  3  4 |
---------------+-------------+-----
Ranged Weapons | 3 4 |  4.3
Fighting       | 2 |  2.0
Armour         | 1 |  1.6
Dodging        | |  1.5
Spellcasting   | |  1.0
Hexes          | |  2.6

Action                     |  1- 3 |  4- 6 || total
---------------------------+-------+-------++-------
   Fire: Sling             |   156 |    41 ||   197
    Use: Scroll            |     4 |     1 ||     5
 Armour: Robe              |    10 |       ||    10
         Ring mail         |    42 |    17 ||    59
  Dodge: Dodged            |    58 |    20 ||    78

Table legend:
 A = Non-vault XP
 B = Vault XP
 C = Vault XP percentage of total XP
 D = Non-vault monster count
 E = Vault monster count
 F = Vault count percentage of total count
                 A         B        C        D         E       F
            +---------+---------+-------+---------+---------+-------
      Total |     167 |       0 |   0.0 |      41 |       0 |   0.0
            +---------+---------+-------+---------+---------+-------
        D:1 |      35 |       0 |   0.0 |      22 |       0 |   0.0
        D:2 |      45 |       0 |   0.0 |      13 |       0 |   0.0
        D:3 |       3 |       0 |   0.0 |       2 |       0 |   0.0
        D:4 |       2 |       0 |   0.0 |       2 |       0 |   0.0
        D:5 |      82 |       0 |   0.0 |       2 |       0 |   0.0
            +---------+---------+-------+---------+---------+-------
